 Dungeon Crawl Stone Soup version 0.31.0-32-g396128a36d (webtiles) character file.

Game seed: 12426494721111403404

120329 SonOfAdam the Peltast (level 16, -7/124 (145) HPs)
             Began as a Pale Draconian Alchemist on Apr 17, 2024.
             Was a High Priest of Vehumet.
             Mangled by a spectral spriggan berserker (12 damage)
             ... called from beyond by a ghost crab
             ... on level 1 of the Swamp on Apr 19, 2024.
             The game lasted 03:36:28 (42675 turns).

SonOfAdam the Peltast (Pale Draconian Alchemist)   Turns: 42675, Time: 03:36:29

HP:   -7/124 (145)  AC: 14    Str: 21      XL:     16   Next: 29%
MP:   43/49         EV: 14    Int: 21 (22) God:    Vehumet [*****.]
Gold: 83            SH: 15    Dex: 17      Spells: 3/38 levels left

rFire   + . .        a - +5 broad axe (flame)
rCold   + . .        g - +1 kite shield
rNeg    . . .        (body armour unavailable)
rPois   +            l - +2 hat {Stlth+}
rElec   +            S - +0 cloak
rCorr   .            R - +0 pair of gloves
SInv    .            X - +0 pair of boots of a volcano {MP+9 Str+3}
Will    +....        L - amulet of Relativism {Acrobat Str+3}
Stlth   +++          V - ring "Voygoramu" {^Drain rElec rF+ rC+ Dex+6}
HPRegen 0.40/turn    Q - ring of Kirarhig {rPois MP+9 Str+2}
MPRegen 0.31/turn

%: acrobat
@: constricted, heavily drained
A: breathe steam, AC +9, unfitting armour, cold-blooded, steam resistance
a: Breathe Steam, Renounce Religion


You were on level 1 of the Swamp.
You worshipped Vehumet.
Vehumet was extremely pleased with you.
You visited 6 branches of the dungeon, and saw 26 of its levels.
You visited 1 bazaar.

You collected 3241 gold pieces.
You spent 3158 gold pieces at shops.

Inventory:

Hand Weapons
 a - a +5 broad axe of flaming (weapon)
 b - the +4 hand axe "Raisin" {drain, Int+2 Dex+5 Stlth-}
   (You found it on level 1 of the Lair of Beasts)

   Int+2:     It affects your intelligence (+2).
   Dex+5:     It affects your dexterity (+5).
   Stlth-:    It makes you less stealthy.
 v - the +1 mace "Draconian's Regret" {flame, rC++}
   (You found it on level 12 of the Dungeon)

   rC++:      It greatly protects you from cold.
Missiles
 d - 269 stones
 u - 72 poisoned darts (quivered)
 y - 2 throwing nets
 C - 4 curare-tipped darts
Armour
 g - a +1 kite shield (worn)
 l - a +2 hat of stealth (worn)
 R - a +0 pair of gloves (worn)
 S - a +0 cloak (worn)
 X - the +0 pair of boots of a volcano (worn) {MP+9 Str+3}
   (You found it on level 5 of the Lair of Beasts)

   Str+3:     It affects your strength (+3).
   MP+9:      It affects your magic capacity (+9).
Jewellery
 c - a ring of protection from cold
 f - the ring of Seuhatihio {rPois Dex+6}
   (You acquired it on level 11 of the Dungeon)

   [ring of poison resistance]

   Dex+6:     It affects your dexterity (+6).
   rPois:     It protects you from poison
 t - a +6 ring of intelligence
 J - a +6 ring of strength
 L - the amulet of Relativism (around neck) {Acrobat Str+3}
   (You took it off an orc on level 8 of the Dungeon)

   [amulet of the acrobat]

   Acrobat:   It increases your evasion while moving and waiting.
   Str+3:     It affects your strength (+3).
 Q - the ring of Kirarhig (right hand) {rPois MP+9 Str+2}
   (You found it on level 5 of the Lair of Beasts)

   [ring of magical power]

   Str+2:     It affects your strength (+2).
   rPois:     It protects you from poison MP+9: It affects your magic capacity
   (+9).
 V - the ring "Voygoramu" (left hand) {^Drain rElec rF+ rC+ Dex+6}
   (You found it on level 5 of the Lair of Beasts)

   [ring of protection from cold]

   Dex+6:     It affects your dexterity (+6).
   rF+:       It protects you from fire.
   rC+:       It protects you from cold.
   rElec:     It insulates you from electricity.
   ^Drain:    It drains your maximum health when unequipped.
Talismans
 e - a serpent talisman
Wands
 i - a wand of paralysis (12)
 n - a wand of roots (7)
 z - a wand of digging (15)
 B - a wand of light (27)
 F - a wand of flame (49)
 M - a wand of mindburst (30)
Scrolls
 j - 2 scrolls of blinking
 k - a scroll of vulnerability
 m - 13 scrolls of teleportation
 o - 2 scrolls of fear
 r - 2 scrolls of fog
 s - 3 scrolls of identify
 T - a scroll of revelation
Potions
 p - a potion of berserk rage
 q - 8 potions of brilliance
 x - a potion of lignification
 D - 8 potions of heal wounds
 E - 8 potions of curing
 I - a potion of invisibility
 O - 5 potions of haste
 P - 2 potions of ambrosia
 U - 6 potions of magic
Miscellaneous
 h - a lightning rod (4/4)


   Skills:
 + Level 13.8 Fighting
 + Level 4.1 Axes
 + Level 9.3 Dodging
 - Level 1.7 Stealth
 - Level 15.0 Shields
 + Level 11.5 Spellcasting
 * Level 11.5 Conjurations
 - Level 1.1 Translocations
 * Level 7.5 Fire Magic
 - Level 2.0 Ice Magic
 - Level 10.0 Alchemy


You had 3 spell levels left.
You knew the following spells:

 Your Spells              Type           Power      Damage    Failure   Level
a - Sting                 Conj/Alch      100%       1d9       1%          1
b - Mephitic Cloud        Conj/Alch/Air  42%        N/A       1%          3
c - Olgreb's Toxic Radia  Alch           52%        N/A       1%          4
d - Ignite Poison         Fire/Alch      49%        N/A       1%          4
e - Frozen Ramparts       Ice            40%        1d7       3%          3
j - Sticky Flame          Fire/Alch      49%        2d9       1%          4
k - Magic Dart            Conj           100%       1d8       1%          1
l - Searing Ray           Conj           100%       2d8       1%          2
m - Fulminant Prism       Conj/Alch      27%        3d14      1%          4
n - Iskenderun's Mystic   Conj/Tloc      38%        2d9       1%          4
o - Irradiate             Conj/Alch      27%        3d20      1%          5

Your spell library contained the following spells:

 Spells                   Type           Power      Damage    Failure   Level
 Orb of Destruction       Conj           28%        9d9       16%         7
 Freeze                   Ice            80%        1d9       1%          1
 Kiss of Death            Conj/Necr      100%       2d13      1%          1
 Mercury Vapours          Alch/Air       66%        N/A       1%          2
 Hailstorm                Conj/Ice       40%        3d9       1%          3
 Stone Arrow              Conj/Erth      72%        3d11      1%          3
 Sandblast                Erth           24%        2d8       2%          1
 Cigotuvi's Dreadful Rot  Necr/Alch/Air  52%        N/A       3%          2
 Apportation              Tloc           32%        N/A       5%          1
 Blink                    Tloc           32%        N/A       8%          2
 Summon Small Mammal      Summ           48%        N/A       9%          1
 Call Imp                 Summ           24%        N/A       13%         2
 Sublimation of Blood     Necr           12%        N/A       13%         2
 Gell's Gravitas          Tloc           16%        N/A       16%         3
 Call Canine Familiar     Summ           12%        N/A       26%         3
 Confusing Touch          Hex            12%        N/A       26%         3
 Passwall                 Erth           12%        N/A       26%         3
 Brom's Barrelling Bould  Conj/Erth      36%        2d6       2%          4
 Arcjolt                  Conj/Air       18%        1d28      6%          5
 Eringya's Noxious Bog    Alch           26%        4d6       6%          6
 Petrify                  Alch/Erth      33%        N/A       11%         4
 Freezing Cloud           Conj/Ice/Air   15%        6-21      11%         5
 Summon Blazeheart Golem  Fire/Summ      28%        N/A       17%         4
 Conjure Ball Lightning   Conj/Air       18%        3x3d6     30%         6
 Lee's Rapid Deconstruct  Erth           6%         3d6*      50%         5
 Vhi's Electric Charge    Tloc/Air       28%        N/A       54%         4
 Plasma Beam              Fire/Air       14%        2x1d25    54%         6
 Dispel Undead            Necr           12%        3d9       63%         4
 Summon Lightning Spire   Summ/Air       12%        N/A       63%         4
 Summon Forest            Summ/Tloc      7%         N/A       88%         5
 Summon Hydra             Summ           6%         N/A       100%        7
 Chain Lightning          Conj/Air       18%        3d24      100%        9
 Fire Storm               Conj/Fire      25%        8d7       100%        9
 Shatter                  Erth           6%         3d9*      100%        9
 Animate Armour           Summ/Erth      Unusable   N/A       N/A         4

Dungeon Overview and Level Annotations

Branches:
Dungeon (15/15)            Temple (1/1) D:6            Lair (5/5) D:11
  Swamp (2/4) Lair:3       Spider (1/4) Lair:2        Slime (0/5) Lair:4
    Orc (2/2) D:11            Elf (0/3) Orc:2        Vaults (0/5) D:13
 Depths (0/4) D:15

Altars:
Ashenzari
Cheibriados
Dithmenos
Elyvilon
Fedhas
Gozag
Hepliaklqana
Kikubaaqudgha
Makhleb
Okawaru
Qazlal
Ru
Sif Muna
Trog
Uskayaw
Vehumet
Wu Jian
Xom
Yredelemnul
Zin
Jiyva

Shops:
D:6 [   D:8 ?:=(   D:10 :   Orc:1 ?   Orc:2 =*(!


Innate Abilities, Weirdness & Mutations

You can breathe blasts of scalding, opaque steam.
Your pale cyan-grey scales are hard. (AC +9)
You cannot fit into any form of body armour.
You are cold-blooded and may be slowed by cold attacks.
You are immune to the effects of steam.


Message History

You feel drained.
* * * LOW HITPOINT WARNING * * *
You slash the ghost crab! You burn the ghost crab.
Your tail-slap misses the ghost crab.
The ghost crab is almost destroyed.
You hit the spectral alligator snapping turtle but do no damage.
You slash the spectral spriggan berserker!
You burn the spectral spriggan berserker.
You slash the spectral anaconda! You burn the spectral anaconda.
You hit the spectral fenstrider witch. You burn the spectral fenstrider witch.
You are engulfed in spectral mist.
* * * LOW HITPOINT WARNING * * *
You block the spectral anaconda's attack.
The spectral anaconda constricts you.
* * * LOW HITPOINT WARNING * * *
The spectral fenstrider witch hits you but does no damage.
The spectral fenstrider witch closely misses you.
The spectral anaconda bites you.
* * * LOW HITPOINT WARNING * * *
You feel drained.
* * * LOW HITPOINT WARNING * * *
The spectral anaconda constricts you.
* * * LOW HITPOINT WARNING * * *
The spectral spriggan berserker hits you!
* * * LOW HITPOINT WARNING * * *
You feel drained.
* * * LOW HITPOINT WARNING * * *
The spectral alligator snapping turtle barely misses you.
The ghost crab bites you.
* * * LOW HITPOINT WARNING * * *
You feel drained. The ghost crab closely misses you.
You block the spectral fenstrider witch's attack.
The spectral fenstrider witch kicks you!
* * * LOW HITPOINT WARNING * * *
You feel drained.
* * * LOW HITPOINT WARNING * * *
You block the spectral anaconda's attack.
The spectral anaconda constricts you.
The spectral spriggan berserker hits you!
You die...

♣♣♣♣♣ ♣♣♣♣♣...♣ ♣♣♣
♣♣♣♣♣~...~~~♣♣ ♣..
♣♣♣♣~.~~.§~~§~~~♣ ♣♣.~
♣~.~..§.~~~~~~~♣♣ ♣~~~
♣..§.§.~~~~~~..♣♣♣♣~..
♣.~~ZZ§~§~~~~~♣♣♣.....
♣...☼@t☼~~~~~♣♣♣~~~.~~
♣♣..ZZ~~~...♣♣ ♣....~~
♣...°†>♣...♣♣ ♣♣♣~.~~
♣§....♣♣...§♣♣ ♣♣.~~
♣♣♣♣ ♣♣♣
♣♣..÷.~......♣♣♣♣ ♣.~~
♣.~♣♣♣♣♣.♣♣
♣♣♣.....~~.....♣♣♣§~~
~.~~♣♣..~.♣
♣~...~~~..~~~~♣♣♣♣♣
♣...♣.~..♣♣
♣♣♣♣.~~~.~~~~~♣ ♣
♣♣...~..♣♣
♣♣.~~~~~~..♣♣ ♣


You could see a ghost crab, a spectral anaconda (summoned), a spectral alligator
snapping turtle (summoned), a spectral spriggan berserker (summoned) and a
spectral fenstrider witch (summoned).

Vanquished Creatures
  Gastronok (Lair:1)
  4 eleionomae (Swamp:1)
  An ettin (Orc:2)
  A shambling mangrove (Swamp:1)
  Fannar (D:11)
  Harold (D:9)
  10 hydras
  4 ogre magi
  3 alligators (Swamp:1)
  A ghost crab (Lair:3)
  6 centaur warriors
  3 boulder beetles
  20 two-headed ogres
  A two-headed ogre (shapeshifter) (D:15)
  An anaconda (Swamp:1)
  3 tengu warriors
  An orc high priest (Orc:1)
  2 spriggans (Swamp:1)
  2 skysharks
  3 skeletal warriors (D:14)
  3 goliath frogs
  An orb spider (Spider:1)
  An arcanist (D:13)
  2 spriggan druids (Lair:3)
  2 swamp dragons
  3 bog bodies (Swamp:1)
  A deep elf pyromancer (D:13)
  5 orc knights
  8 ugly things
  Pikel (D:5)
  2 will-o-the-wisps (Swamp:1)
  An orc sorcerer (Orc:1)
  8 elephants (Lair:5)
  Maurice (D:11)
  5 manticores
  3 meliai (D:15)
  A salamander (D:15)
  8 black mambas
  2 kobold blastminers (Orc:2)
  An ice statue (Lair:2)
  A gargoyle (D:12)
  26 cane toads
  5 yaktaurs (D:14)
  3 unseen horrors
  2 freezing wraiths
  2 kobold demonologists (D:8)
  12 komodo dragons
  6 rime drakes
  4 tengu conjurers
  An efreet (D:15)
  5 trolls
  10 tyrant leeches
  6 hornets
  A tarantella (Lair:2)
  A polar bear (Lair:2)
  19 blink frogs
  A blink frog (shapeshifter) (D:15)
  6 dream sheep (Lair:3)
  A centaur simulacrum (D:15)
  A shadow (D:11)
  11 slime creatures
  A vampire (D:9)
  A culicivora (Lair:2)
  Sigmund (D:5)
  43 yaks
  A spriggan (shapeshifter) (D:13)
  Grum (Lair:1)
  A wraith (D:8)
  6 wyverns
  3 wargs
  A human (shapeshifter) (D:15)
  A basilisk (Lair:2)
  A redback (Spider:1)
  Edmund (D:6)
  14 vampire mosquitoes
  An acid dragon (D:11)
  6 swamp worms (Swamp:1)
  17 water moccasins
  Duvessa (D:6)
  6 swamp drakes (Swamp:1)
  30 orc warriors
  11 ice beasts
  3 sky beasts
  6 black bears
  2 laughing skulls (D:14)
  A crocodile (shapeshifter) (D:14)
  26 ogres
  17 wolves
  2 centaurs
  9 phantoms
  4 lemures (D:5)
  6 kobold brigands
  Blork the orc (D:5)
  A bullfrog (shapeshifter) (D:13)
  16 bullfrogs
  6 scorpions
  14 wights
  Dowan (D:6)
  3 electric eels
  4 howler monkeys
  2 centaur zombies (D:8)
  5 hounds
  A jelly (D:6)
  21 orc priests
  10 sleepcaps
  Jessica (D:3)
  8 iguanas
  39 orc wizards
  6 scorpion zombies (D:8)
  3 killer bee zombies (D:8)
  15 gnolls (D:4)
  9 adders
  6 shadow imps (D:8)
  9 white imps
  3 dart slugs
  3 ribbon worms
  90 orcs
  6 endoplasms
  3 giant cockroaches
  6 goblins
  12 hobgoblins
  4 jackals (D:3)
  63 kobolds
  2 quokkas
  5 ball pythons
  2 bats
  2 rats
858 creatures vanquished.

Vanquished Creatures (others)
  2 bloated husks
  14 foxfires
  6 fulminant prisms
22 creatures vanquished.

Grand Total: 880 creatures vanquished

Notes
Turn   | Place    | Note
-------+----------+-------------------------------------------
     0 | D:1      | SonOfAdam the Draconian Alchemist began the quest for the
                  | Orb.
     0 | D:1      | Reached XP level 1. HP: 14/14 MP: 3/3
   397 | D:1      | Reached XP level 2. HP: 22/22 MP: 3/5
   422 | D:1      | Learned a level 2 spell: Mercury Vapours
   743 | D:2      | Reached skill level 1 in Fighting
  1059 | D:2      | Reached XP level 3. HP: 28/28 MP: 4/6
  2293 | D:3      | Reached XP level 4. HP: 31/36 MP: 3/7
  2460 | D:2      | Learned a level 3 spell: Mephitic Cloud
  2494 | D:3      | Noticed Jessica
  2526 | D:3      | Reached XP level 5. HP: 36/42 MP: 6/9
  2996 | D:3      | Killed Jessica
  2997 | D:3      | Reached skill level 5 in Alchemy
  3539 | D:3      | Learned a level 4 spell: Olgreb's Toxic Radiance
  3590 | D:4      | Noticed a black bear
  3888 | D:4      | Noticed a balrug
  3889 | D:4      | Found a burning altar of Makhleb.
  3893 | D:4      | Found a glowing silver altar of Zin.
  3893 | D:4      | Noticed an angel
  4095 | D:4      | Reached XP level 6. HP: 46/51 MP: 0/11
  4335 | D:4      | Found a shadowy altar of Dithmenos.
  5142 | D:4      | Your scales start taking on a pale cyan-grey colour.
  5142 | D:4      | Reached XP level 7. HP: 58/58 MP: 0/12
  5142 | D:4      | Gained mutation: You are immune to the effects of steam.
                  | [Pale Draconian growth]
  6284 | D:4      | Learned a level 4 spell: Sticky Flame
  6312 | D:5      | Entered Level 5 of the Dungeon
  6317 | D:5      | Noticed Blork the orc
  6325 | D:5      | Killed Blork the orc
  6431 | D:5      | Noticed Sigmund
  6446 | D:5      | Killed Sigmund
  6447 | D:5      | Reached skill level 1 in Shields
  6447 | D:5      | Reached skill level 1 in Fire Magic
  6447 | D:5      | Reached XP level 8. HP: 67/67 MP: 0/14
  6818 | D:5      | Found a radiant altar of Vehumet.
  6821 | D:5      | Became a worshipper of Vehumet
  7193 | D:5      | Noticed Pikel
  7351 | D:5      | Reached skill level 5 in Fighting
  7351 | D:5      | Reached skill level 2 in Shields
  7979 | D:5      | Killed Pikel
  7980 | D:5      | Reached skill level 3 in Shields
  7980 | D:5      | Reached skill level 5 in Spellcasting
  8139 | D:5      | Reached XP level 9. HP: 65/74 MP: 4/16
  8316 | D:5      | Reached skill level 4 in Shields
  8408 | D:6      | Found an ornate altar of the Wu Jian Council.
  8417 | D:6      | Noticed Edmund
  8426 | D:6      | Killed Edmund
  8699 | D:6      | Got the Tome of Breath and Orientation
  8787 | D:6      | Found a staircase to the Ecumenical Temple.
  8824 | D:6      | Reached skill level 5 in Shields
  8927 | Temple   | Entered the Ecumenical Temple
  8930 | D:6      | Found Xasungu's Armour Shop.
  8935 | D:6      | Noticed Dowan
  8935 | D:6      | Noticed Duvessa
  8941 | D:6      | Killed Dowan
  8945 | D:6      | Killed Duvessa
  9663 | D:6      | Found a shimmering altar of Xom.
  9664 | D:6      | Found a snail-covered altar of Cheibriados.
 10094 | D:7      | Reached XP level 10. HP: 79/84 MP: 8/18
 10250 | D:7      | Reached * piety under Vehumet
 10250 | D:7      | Offered knowledge of Magic Dart by Vehumet.
 10313 | D:7      | Learned a level 1 spell: Magic Dart
 10565 | D:7      | Reached skill level 6 in Shields
 11010 | D:7      | Found a sacrificial altar of Ru.
 11280 | D:7      | Offered knowledge of Searing Ray by Vehumet.
 11289 | D:7      | Learned a level 2 spell: Searing Ray
 11354 | D:7      | Reached ** piety under Vehumet
 11586 | D:8      | Found Jievif's Jewellery Boutique.
 11661 | D:8      | Found Fovumumefi's Magic Scroll Shop.
 11822 | D:8      | Found Gymp's Book Boutique.
 11968 | D:8      | Identified the amulet of Relativism {Acrobat Str+3}
 12007 | D:8      | Found Tioge's Weapon Emporium.
 12226 | D:8      | Reached skill level 10 in Alchemy
 12373 | D:8      | Reached skill level 7 in Shields
 12716 | D:8      | Noticed a boulder beetle
 12720 | D:8      | Killed a boulder beetle
 12947 | D:8      | Reached skill level 8 in Shields
 13108 | D:8      | Offered knowledge of Dazzling Flash by Vehumet.
 13201 | D:8      | Reached XP level 11. HP: 94/94 MP: 12/21
 13668 | D:8      | Reached *** piety under Vehumet
 14318 | D:8      | Offered knowledge of Fulminant Prism by Vehumet.
 14596 | D:9      | Reached skill level 9 in Shields
 14915 | D:9      | Found a white marble altar of Elyvilon.
 15066 | D:9      | Learned a level 4 spell: Fulminant Prism
 15103 | D:9      | Learned a level 3 spell: Frozen Ramparts
 15256 | D:9      | Noticed Harold
 15349 | D:9      | Killed Harold
 15827 | D:10     | Entered Level 10 of the Dungeon
 15883 | D:10     | Found an iron altar of Okawaru.
 15897 | D:10     | Reached **** piety under Vehumet
 16209 | D:10     | Found Gouz Jaf's Self-Improvement Boutique.
 16233 | D:10     | You fall into a shaft and drop 3 floors!
 16236 | D:13     | Noticed an orc knight
 16237 | D:13     | Noticed a two-headed ogre
 16237 | D:13     | Noticed a two-headed ogre
 16239 | D:13     | Noticed a centaur warrior
 16474 | D:12     | Offered knowledge of Airstrike by Vehumet.
 16558 | D:11     | Noticed a centaur warrior
 16560 | D:11     | Noticed a two-headed ogre
 16691 | D:12     | Noticed a two-headed ogre
 16711 | D:12     | Killed a two-headed ogre
 16819 | D:12     | Killed a centaur warrior
 16820 | D:12     | Reached skill level 10 in Shields
 16922 | D:12     | Killed a two-headed ogre
 17225 | D:10     | Noticed a two-headed ogre
 17236 | D:10     | Killed a two-headed ogre
 17886 | D:11     | Reached XP level 12. HP: 90/106 MP: 11/24
 18275 | D:11     | Noticed Fannar
 18287 | D:11     | Noticed Maurice
 18295 | D:11     | Killed Maurice
 18435 | D:11     | Killed Fannar
 18577 | D:11     | Reached skill level 10 in Fighting
 18595 | D:11     | Found a staircase to the Orcish Mines.
 18626 | D:11     | Reached skill level 11 in Shields
 18626 | D:11     | Found a staircase to the Lair.
 19262 | D:11     | Found a shimmering blue altar of Sif Muna.
 19598 | D:11     | Identified a scroll of acquirement
 19598 | D:11     | Acquired the ring of Seuhatihio {rPois Dex+6}
 19615 | Lair:1   | Entered Level 1 of the Lair of Beasts
 19820 | Lair:1   | Reached ***** piety under Vehumet
 19970 | Lair:1   | Noticed Grum
 19975 | Lair:1   | Killed Grum
 19975 | Lair:1   | Offered knowledge of Irradiate by Vehumet.
 20143 | Lair:1   | Reached skill level 1 in Ice Magic
 20244 | Lair:1   | Noticed Gastronok
 20258 | Lair:1   | Killed Gastronok
 20259 | Lair:1   | Reached skill level 5 in Conjurations
 20399 | Lair:1   | Reached skill level 5 in Dodging
 20969 | Lair:1   | Identified the +4 hand axe "Raisin" {drain, Int+2 Dex+5
                  | Stlth-}
 21453 | Lair:1   | Learned a level 5 spell: Irradiate
 22323 | Lair:2   | Reached skill level 12 in Shields
 22452 | Lair:2   | Found a hole to the Spider Nest.
 22548 | Lair:2   | Reached XP level 13. HP: 114/114 MP: 23/26
 23803 | Lair:3   | Paralysed by a hornet for 1 turns
 25322 | Lair:4   | Found a staircase to the Slime Pits.
 25322 | Lair:4   | Found a viscous altar of Jiyva.
 25437 | Lair:4   | Reached skill level 13 in Shields
 26157 | Lair:5   | Entered Level 5 of the Lair of Beasts
 26774 | Lair:5   | Identified the ring of Kirarhig {rPois MP+9 Str+2}
 26902 | Lair:5   | Reached skill level 10 in Spellcasting
 27308 | Lair:5   | Reached XP level 14. HP: 124/125 MP: 28/28
 27330 | Lair:5   | Offered knowledge of Iskenderun's Mystic Blast by Vehumet.
 27442 | Lair:5   | Learned a level 4 spell: Iskenderun's Mystic Blast
 28197 | Lair:5   | Reached skill level 14 in Shields
 28384 | Lair:5   | Identified the ring "Voygoramu" {^Drain rElec rF+ rC+
                  | Dex+6}
 28391 | Lair:5   | Identified the +0 pair of boots of a volcano {MP+9 Str+3}
 29251 | Orc:1    | Entered Level 1 of the Orcish Mines
 29350 | Orc:2    | Entered Level 2 of the Orcish Mines
 29886 | Orc:1    | Found Vakaiciynt's Magic Scroll Shoppe.
 30327 | Orc:2    | Paralysed by something for 3 turns
 30761 | Orc:2    | Found Eshrefath's Distillery.
 30761 | Orc:2    | Found Imiry's General Store.
 30761 | Orc:2    | Found Faumou's Weapon Shop.
 30761 | Orc:2    | Found Sux Ciju's Jewellery Emporium.
 31484 | Orc:2    | Offered knowledge of Fireball by Vehumet.
 31665 | Orc:2    | Bought a wand of paralysis (6) for 201 gold pieces
 31666 | Orc:2    | Bought a potion of haste for 150 gold pieces
 31666 | Orc:2    | Bought a potion of heal wounds for 75 gold pieces
 31666 | Orc:2    | Bought 2 potions of heal wounds for 150 gold pieces
 31666 | Orc:2    | Bought a potion of haste for 150 gold pieces
 31973 | Orc:2    | Found a staircase to the Elven Halls.
 32133 | Orc:1    | Bought a scroll of teleportation for 42 gold pieces
 32133 | Orc:1    | Bought a scroll of teleportation for 42 gold pieces
 32133 | Orc:1    | Bought a scroll of blinking for 105 gold pieces
 32133 | Orc:1    | Bought a scroll of fear for 56 gold pieces
 32232 | Orc:1    | Reached XP level 15. HP: 108/134 MP: 29/29
 32456 | Orc:1    | Reached skill level 1 in Translocations
 32809 | D:8      | Bought a book of Annihilations for 900 gold pieces
 32829 | D:8      | Bought a scroll of teleportation for 48 gold pieces
 32829 | D:8      | Bought a scroll of teleportation for 48 gold pieces
 32829 | D:8      | Bought a scroll of fog for 64 gold pieces
 32829 | D:8      | Bought a scroll of teleportation for 48 gold pieces
 33023 | Orc:1    | Bought a scroll of amnesia for 56 gold pieces
 33029 | Orc:1    | Learned a level 4 spell: Ignite Poison
 33507 | D:12     | Identified the +1 mace "Draconian's Regret" {flame, rC++}
 34141 | D:13     | Found a gate to the Vaults.
 34147 | D:13     | Reached skill level 15 in Shields
 35369 | D:14     | Offered knowledge of Starburst by Vehumet.
 35448 | D:14     | Reached skill level 10 in Conjurations
 35762 | D:14     | Reached skill level 1 in Axes
 35908 | D:14     | Found a flickering gateway to a bazaar.
 35924 | Bazaar   | Entered a bazaar
 35924 | Bazaar   | Found Kietti's Assorted Antiques.
 35924 | Bazaar   | Found Raen's Antique Armour Shoppe.
 35924 | Bazaar   | Found Dudes's Assorted Antiques.
 35926 | Bazaar   | Found Vafan's General Store.
 35926 | Bazaar   | Found Zeugryi's Weapon Emporium.
 35974 | Bazaar   | Bought a scroll of revelation for 82 gold pieces
 35974 | Bazaar   | Bought a book of Minor Magic for 176 gold pieces
 35977 | Bazaar   | Bought a potion of haste for 180 gold pieces
 35977 | Bazaar   | Bought a scroll of blinking for 135 gold pieces
 36273 | D:15     | Entered Level 15 of the Dungeon
 36355 | D:15     | Reached skill level 5 in Fire Magic
 36806 | D:15     | Found a stormy altar of Qazlal.
 37854 | D:15     | Found a staircase to the Depths.
 37856 | D:15     | Noticed an emperor scorpion
 39054 | Lair:3   | Found a staircase to the Swamp.
 39331 | D:8      | Bought a book of Geomancy for 450 gold pieces
 39510 | Spider:1 | Entered Level 1 of the Spider Nest
 39790 | Swamp:1  | Entered Level 1 of the Swamp
 40477 | Swamp:1  | Reached XP level 16. HP: 99/144 MP: 31/31
 42099 | Swamp:1  | Offered knowledge of Orb of Destruction by Vehumet.
 42675 | Swamp:1  | HP: 5/124 [spectral fenstrider witch[a ghost crab] (3)]
 42675 | Swamp:1  | Mangled by a spectral spriggan berserker

Illustrated notes

Levels and vault maps discovered:
D:1:      dpeg_arrival_fog, layout_loops_ring, chequers_mini_garden
D:2:      layout_basic, serial_co_window_serial, co_window_of_opportunity_a,
          co_window_paths_a, co_window_paths_a, co_window_corner_a,
          co_window_paths_b, co_window_corner_a, co_window_cross_1,
          co_window_2corner, co_window_cross_4, co_window_cross_4,
          co_window_corner_b, co_window_corner_b, glass_columns_b,
          glass_columns_c, glass_columns_a, glass_columns_b, glass_columns_c
D:3:      layout_basic, mrwooster_statue_mirror, uniq_jessica
D:4:      minmay_goblin_kobold_castle, layout_basic,
          grunt_temple_overflow_order_and_chaos_2,
          mainiacjoe_overflow_concentric_impassable
D:5:      layout_basic, kennysheep_mini, uniq_sigmund, uniq_pikel,
          uniq_blork_the_orc
D:6:      layout_cave_pools, mainiacjoe_overflow_surrounded_room,
          nicolae_overflow_hidden_temple, minmay_temple_entry_arrows,
          nicolae_stop_n_shop_1, uniq_edmund, uniq_duvessa
D:7:      layout_basic, nicolae_ru_path_of_blood, kennysheep_generic_room_4
D:8:      bobbens_index_wilting_gardens, layout_basic, serial_shops,
          nicolae_take_the_stairs, nicolae_shop_window_shopping,
          nicolae_shop_rolling_square, shop, minmay_misc_feat_diagonals
D:9:      layout_stronghold, mainiacjoe_overflow_brackets, uniq_harold
D:10:     layout_long_grid, mainiacjoe_overflow_small_starburst,
          nicolae_shop_self_help
D:11:     layout_cave_pods, hellmonk_lair_entry_icy, david_orc_4, minivault_23,
          tgw_sif, uniq_maurice, uniq_fannar
D:12:     layout_basic
D:13:     layout_basic, david_vaults_1, portal_ice_cave_entry_pillars_1
D:14:     layout_irregular_city, serial_shops, bzr_entry_dummy, minivault_23,
          lemuel_nasty_fountain
D:15:     hangedman_depths_entry_try_elsewhere_first, layout_long_grid,
          nicolae_qazlal_scattered_showers, minmay_fractal_squares_gapless_5
Temple:   eino_wide_crystal_templ
Lair:1:   layout_layer_cave, grunt_forest_small_clearing_treed,
          infiniplex_staircase_pool_2, uniq_gastronok, uniq_grum
Lair:2:   beast_lair_carwin_large_2, layout_gridlike, spider_nest_entry_rubble,
          st_stairs_10, ice2_lemuel
Lair:3:   nzn_winding_woodlands_cross [nzn_winding_woodlands_5x15_twine,
          nzn_winding_woodlands_5x15_pockets,
          nzn_winding_woodlands_5x15_lazy_stream,
          nzn_winding_woodlands_5x15_cabin,
          nzn_winding_woodlands_15x15_boxy_spiral], layout_concentric_octagons,
          mainiacjoe_swamp_entry_angry_trees, lemuel_fruit_tree
Lair:4:   layout_loops_ring, slime_entry_1, minmay_holes, serial_bayou_shore_b,
          grunt_megastairs_2
Lair:5:   minmay_lair_end_frog_pond, layout_cave_pods, ldierk_geyser,
          serial_bayou_shore_b
Swamp:1:  layout_basic_swamp, evilmike_swamp_ruin_rubble_1, swamp_pool_5,
          nicolae_swamp_snake_nest
Swamp:2:  nicolae_swamp_wrong_neighborhood, layout_basic_swamp,
          evilmike_swamp_ruin_house_4, swamp_pool_5
Spider:1: layout_spider_delve
Orc:1:    cheibrodos_orc_arena, layout_caves, serial_shops, shop
Orc:2:    st_orc_ogre_mass, layout_diamond_mine

Skill      XL: |  1  2  3  4  5  6  7  8  9 10 11 12 13 14 15 16 |
---------------+-------------------------------------------------+-----
Fighting       | 1 2 3 4 5 6 8 9 10 11 12 13 | 13.8
Alchemy        | 4 5 6 7 8 9 10 | 10.0
Spellcasting   | 3 4 5 7 8 9 10 11 | 11.5
Shields        | 1 3 5 8 10 12 13 14 15 | 15.0
Fire Magic     | 1 2 3 6 7 |  7.5
Conjurations   | 3 4 5 7 9 11 | 11.5
Dodging        | 3 5 7 8 9 |  9.3
Ice Magic      | 2 |  2.0
Translocations | 1 |  1.1
Axes           | 3 4 |  4.1
Stealth        | |  1.7

Action                     |  1- 3 |  4- 6 |  7- 9 | 10-12 | 13-15 | 16-18 || total
---------------------------+-------+-------+-------+-------+-------+-------++-------
  Melee: Dagger            |    15 |    52 |     3 |       |       |       ||    70
         Tailslap          |     1 |     7 |     7 |    71 |   150 |    17 ||   253
         Hand axe          |       |       |    47 |   236 |   350 |       ||   633
         Mace              |       |       |       |    95 |   273 |       ||   368
         Broad axe         |       |       |       |       |    33 |    64 ||    97
  Throw: Throwing net      |       |       |       |     2 |       |       ||     2
   Cast: Sting             |    67 |    72 |    26 |     4 |     1 |       ||   170
         Mercury Vapours   |     2 |    11 |     4 |    10 |       |       ||    27
         Olgreb's Toxic Ra |       |    13 |    58 |    84 |   153 |    17 ||   325
         Mephitic Cloud    |       |     3 |     4 |    15 |    31 |    11 ||    64
         Sticky Flame      |       |       |    32 |   139 |   173 |    19 ||   363
         Magic Dart        |       |       |       |    39 |    34 |     2 ||    75
         Searing Ray       |       |       |       |    28 |     6 |     4 ||    38
         Frozen Ramparts   |       |       |       |       |    13 |       ||    13
         Fulminant Prism   |       |       |       |       |     6 |       ||     6
         Iskenderun's Myst |       |       |       |       |    17 |     2 ||    19
         Ignite Poison     |       |       |       |       |    50 |    18 ||    68
Ability: Breathe Steam     |       |       |     1 |       |     1 |       ||     2
  Evoke: Wand              |       |       |       |     1 |     5 |     2 ||     8
    Use: Scroll            |       |       |       |    19 |    16 |     2 ||    37
         Potion            |       |       |       |       |     1 |     1 ||     2
   Stab: Sleeping          |       |     1 |       |     1 |     1 |       ||     3
         Confused          |       |       |     1 |     1 |     3 |       ||     5
         Distracted        |       |       |       |     1 |     1 |       ||     2
 Armour: Skin              |    20 |    58 |    83 |   319 |   493 |   139 ||  1112
  Dodge: Dodged            |    23 |    45 |    81 |   236 |   543 |   128 ||  1056
  Block: Kite shield       |       |       |       |   278 |   776 |   146 ||  1200
